 Dungeon Crawl Stone Soup version 0.30-b1-2-g02819fbbbe (webtiles) character file.

Game seed: 18053568232693922306

509 Alarkh the Trooper (level 6, -2/55 HPs)
             Began as a Demonspawn Artificer on Nov 26, 2023.
             Slain by a river rat (7 damage)
             ... on level 4 of the Dungeon.
             The game lasted 00:06:02 (4599 turns).

Alarkh the Trooper (Demonspawn Artificer)           Turns: 4599, Time: 00:06:02

Health: -2/55      AC:  4    Str: 12    XL:     6   Next: 98%
Magic:  6/6        EV: 11    Int: 15    God:
Gold:   212        SH:  4    Dex: 13    Spells: 5/5 levels left

rFire   . . .        a - +1 dagger (speed)
rCold   . . .        (no shield)
rNeg    . . .        b - +0 leather armour
rPois   .            v - +0 helmet
rElec   .            (no cloak)
rCorr   .            (no gloves)
SInv    +            (no boots)
Will    .....        (no amulet)
Stlth   +            i - ring of see invisible
HPRegen 0.29/turn    l - ring of wizardry
MPRegen 0.10/turn

%: wizardry (x1)
@: no status effects
A: powered by death 1, condensation shield
a: no special abilities


You were on level 4 of the Dungeon.
You visited 1 branch of the dungeon, and saw 4 of its levels.

You collected 212 gold pieces.

Inventory:

Hand Weapons
 a - a +1 dagger of speed (weapon)
Armour
 b - a +0 leather armour (worn)
 v - a +0 helmet (worn)
Jewellery
 i - a ring of see invisible (left hand)
 l - a ring of wizardry (right hand)
 w - a +6 ring of intelligence
Wands
 d - a wand of charming (14)
 e - a wand of iceblast (5)
 s - a wand of quicksilver (1)
Scrolls
 f - a scroll of brand weapon {unknown}
 g - a scroll of blinking {unknown}
 k - 4 scrolls of teleportation {unknown}
 m - a scroll of amnesia
 p - a scroll of vulnerability {unknown}
 q - 2 scrolls of fog {unknown}
 r - 2 scrolls of identify
 t - a scroll of enchant armour {unknown}
 u - a scroll of poison {unknown}
Potions
 c - a potion of magic {unknown}
 h - a potion of degeneration
 j - a potion of flight
 n - a potion of attraction
 o - a potion of resistance


   Skills:
 + Level 7.4 Fighting
 - Level 1.7 Armour
 - Level 0.8 Dodging
 - Level 0.8 Stealth
 - Level 3.0 Evocations


You had 5 spell levels left.
You didn't know any spells.
Your spell library was empty.

Dungeon Overview and Level Annotations

Branches:
Dungeon (4/15)
 Temple: D:4-7

Altars:
Wu Jian


Innate Abilities, Weirdness & Mutations

You regenerate a little health from kills.
A meltable shield of frost defends you. (SH +4)


Message History

The river rat is severely wounded.
The river rat closely misses you.
Your unstable footing causes you to fumble your attack.
Your unstable footing causes you to fumble your attack.
The river rat misses you.
Your unstable footing causes you to fumble your attack.
The river rat closely misses you.
Your unstable footing causes you to fumble your attack.
You hit the river rat but do no damage.
The river rat is severely wounded.
The river rat bites you but does no damage.
You hit the river rat.
The river rat is severely wounded.
The river rat closely misses you.
Your unstable footing causes you to fumble your attack.
Your unstable footing causes you to fumble your attack.
The river rat bites you.
You barely miss the river rat.
The river rat is severely wounded.
Your unstable footing causes you to fumble your attack.
The river rat bites you!
* * * LOW HITPOINT WARNING * * *
You barely miss the river rat.
The river rat is severely wounded.
The river rat bites you.
* * * LOW HITPOINT WARNING * * *
You hit the river rat.
The river rat is almost dead.
The river rat attacks as you move away!
The river rat bites you but does no damage. x2
The river rat attacks as you move away!
The river rat bites you but does no damage. x2
You see here a rat corpse.
The river rat attacks as you move away!
The river rat bites you but does no damage.
The river rat bites you!
* * * LOW HITPOINT WARNING * * *
The river rat attacks as you move away! The river rat barely misses you.
The river rat bites you!
You die...

###############
..............#
###..........#
####..>..>......#
###....#..........#
#...############.##
#.### #@# #.#####
##r## ......###
#~~~# .####.>.#
#~~~# ..#####.#
##†## #.<.....# #~#
........## #~#
.........# #~#
.........### ~~~


You could see a river rat.

Vanquished Creatures
  Grinder (D:3)
  A scorpion (D:3)
  A jelly (D:4)
  An iguana (D:3)
  Ijyb (D:2)
  Robin (D:2)
  3 gnolls (D:3)
  2 adders (D:2)
  A worm (D:3)
  2 dart slugs
  6 orcs
  10 ball pythons
  9 endoplasms
  6 giant cockroaches
  14 goblins
  11 hobgoblins
  5 kobolds
  5 quokkas
  4 bats
  4 frilled lizards
  7 rats
95 creatures vanquished.

Vanquished Creatures (others)
  A goblin (D:2)
  39 plants (D:3)
40 creatures vanquished.

Grand Total: 135 creatures vanquished

Notes
Turn   | Place    | Note
-------+----------+-------------------------------------------
     0 | D:1      | Alarkh the Demonspawn Artificer began the quest for the
                  | Orb.
     0 | D:1      | Reached XP level 1. HP: 15/15 MP: 1/1
   176 | D:1      | Reached skill level 2 in Fighting
   336 | D:1      | Gained mutation: You regenerate a little health from kills.
                  | [demonic ancestry]
   336 | D:1      | Reached XP level 2. HP: 11/22 MP: 2/2
  1083 | D:1      | Reached skill level 3 in Fighting
  1099 | D:1      | Reached XP level 3. HP: 25/29 MP: 3/3
  1804 | D:2      | Found a faded altar of an unknown god.
  1989 | D:2      | Reached XP level 4. HP: 26/37 MP: 4/4
  2375 | D:2      | Reached skill level 4 in Fighting
  2468 | D:2      | Noticed Ijyb
  2500 | D:2      | Killed Ijyb
  2665 | D:3      | Noticed Robin
  2868 | D:2      | Killed Robin
  2869 | D:2      | Gained mutation: A meltable shield of frost defends you.
                  | (SH +4) [demonic ancestry]
  2869 | D:2      | Reached XP level 5. HP: 31/43 MP: 5/5
  3007 | D:3      | Reached skill level 5 in Fighting
  3510 | D:3      | Noticed Grinder
  3521 | D:3      | Paralysed by Grinder for 3 turns
  3527 | D:3      | Paralysed by Grinder for 5 turns
  3541 | D:3      | Killed Grinder
  3542 | D:3      | Reached skill level 6 in Fighting
  3542 | D:3      | Reached XP level 6. HP: 35/53 MP: 6/6
  3882 | D:3      | Found an ornate altar of the Wu Jian Council.
  3904 | D:3      | Reached skill level 7 in Fighting
  4599 | D:4      | Slain by a river rat

Illustrated notes

Levels and vault maps discovered:
D:1:      roderic_octagonal_star, layout_loops_corners
D:2:      kennysheep_the_goblin_king, layout_basic,
          hellmonk_ecumenical_altar_defaced_shrine, nicolae_hexahallways
D:3:      layout_basic, nicolae_wu_jian_immortal_techniques,
          hangedman_abyss_or_decor_stabs, serial_bayou_lagoon_a, uniq_grinder,
          uniq_ijyb, uniq_robin
D:4:      layout_rooms, dk_yredelemnul_ordeal, gup_sewer_entry_bubbles

Skill      XL: |  1  2  3  4  5  6 |
---------------+-------------------+-----
Fighting       | 2 3 4 6 7 |  7.4
Armour         | |  1.7
Dodging        | |  0.8
Stealth        | |  0.8
Evocations     | |  3.0

Action                     |  1- 3 |  4- 6 || total
---------------------------+-------+-------++-------
  Melee: Club              |    36 |       ||    36
         Dagger            |   259 |   316 ||   575
         Punch             |     4 |     6 ||    10
  Evoke: Wand              |     7 |    19 ||    26
    Use: Scroll            |     4 |     1 ||     5
   Stab: Sleeping          |     2 |     3 ||     5
 Armour: Leather armour    |    87 |    55 ||   142
  Dodge: Dodged            |   172 |   111 ||   283
  Block: Other             |       |    19 ||    19
